 Dungeon Crawl Stone Soup version 0.26-b1-32-g5d43845318 (webtiles) character file.

Game seed: 1326175623881001898

48 Borgoz the Ducker (level 3, 0/30 HPs)
             Began as a Ghoul Gladiator on Jan 13, 2021.
             Slain by a water moccasin (2 damage)
             ... on level 2 of the Dungeon.
             The game lasted 00:01:39 (1307 turns).

Borgoz the Ducker (Ghoul Gladiator)                 Turns: 1307, Time: 00:01:39

Health: 0/30       AC:  7    Str: 17    XL:     3   Next: 72%
Magic:  2/2        EV: 10    Int:  3    God:
Gold:   117        SH:  0    Dex: 11    Spells: 2/2 levels left

rFire    . . .     SeeInvis .   a - +0 flail
rCold    + . .     Faith    .   (no shield)
rNeg     + + +     Spirit   .   o - +0 scale mail (curse)
rPois    ∞         Reflect  .   c - +0 helmet
rElec    .         Harm     .   (no cloak)
rCorr    .         Rampage  .   (no gloves)
Will     .....                  (no boots)
Stlth    ..........             (no amulet)
HPRegen  0.00/turn              (no ring)
MPRegen  0.08/turn              (no ring)

@: no status effects
A: claws 1, cold resistance 1, negative energy resistance 3, inhibited
regeneration, torment resistance, unbreathing
a: no special abilities


You were on level 2 of the Dungeon.
You visited 1 branch of the dungeon, and saw 2 of its levels.

You collected 117 gold pieces.

Inventory:

Hand Weapons
 a - a +0 flail (weapon)
Missiles
 d - 2 throwing nets (quivered)
Armour
 c - a +0 helmet (worn)
 o - a cursed +0 scale mail (worn)
Scrolls
 e - 3 scrolls of identify {unknown}
 f - 4 scrolls of teleportation {unknown}
 i - a scroll of amnesia {unknown}
 j - a scroll of fear {unknown}
 k - a scroll of immolation {unknown}
 l - a scroll of magic mapping {unknown}
Potions
 g - 2 potions of curing {unknown}
 h - a potion of might {unknown}
 m - a potion of brilliance {unknown}
 n - a potion of cancellation {unknown}


   Skills:
 * Level 2.8 Fighting
 * Level 3.1 Maces & Flails
 - Level 1.7 Throwing
 * Level 1.3 Armour
 * Level 3.1 Dodging


You had 2 spell levels left.
You didn't know any spells.
Your spell library was empty.

Dungeon Overview and Level Annotations

Branches:
Dungeon (2/15)

Altars:


Innate Abilities, Weirdness & Mutations

You thrive by killing the living.
You are immune to poison.
You have sharp fingernails.
Your flesh is cold resistant. (rC+)
You are immune to negative energy. (rN+++)
You do not regenerate when monsters are visible.
You are immune to unholy pain and torment.
You can survive without breathing.


Message History

You miss the water moccasin.
The water moccasin is heavily wounded.
The water moccasin misses you. The water moccasin bites you!
* * * LOW HITPOINT WARNING * * *
You miss the water moccasin.
The water moccasin is heavily wounded.
The water moccasin bites you but does no damage.
The water moccasin bites you.
* * * LOW HITPOINT WARNING * * *
You thump the water moccasin!
The water moccasin is severely wounded.
The water moccasin completely misses you.
The water moccasin barely misses you.
Throw: 3 throwing nets
Press: ? - help, Q - select action Shift-Dir - straight line, f - water moccasin
Aim: a water moccasin (severely wounded)
You throw a throwing net.
The throwing net closely misses the water moccasin.
The water moccasin bites you.
You die...

.#.....##... ##......
#.....##.#' #......#
##....##... #(.....#
##....##...
#......####.#....###...
#.........#.#†#.#######
+........<..#.#........
#....S........)....##..
#.....@.......)....##..
#######............####
#.....##..........#...
#.....##......#####...
#.............#####...
#................##...
#........##......##...
##.......##.....[#####
#...######...........


You could see a water moccasin.

Vanquished Creatures
  An adder (D:2)
  An ooze (D:1)
  A dart slug (D:1)
  2 leopard geckos (D:2)
  A ball python (D:2)
  5 bats (D:1)
  2 giant cockroaches (D:1)
  5 goblins
  3 hobgoblins
  2 frilled lizards
  5 kobolds
  3 rats
31 creatures vanquished.

Notes
Turn   | Place    | Note
-------+----------+-------------------------------------------
     0 | D:1      | Borgoz the Ghoul Gladiator began the quest for the Orb.
     0 | D:1      | Reached XP level 1. HP: 17/17 MP: 0/0
   167 | D:1      | Reached XP level 2. HP: 25/25 MP: 1/1
   795 | D:2      | Reached skill level 1 in Armour
   795 | D:2      | Reached XP level 3. HP: 12/30 MP: 2/2
  1295 | D:2      | Noticed a water moccasin
  1307 | D:2      | Slain by a water moccasin

Illustrated notes

Levels and vault maps discovered:
D:1:      wander_arrival_fairy_ring, layout_loops_ring
D:2:      layout_basic, general_overflow_altar, uniq_sigmund

Skill      XL: |  1  2 |
---------------+-------+-----
Maces & Flails | 3 |  3.1
Dodging        | 3 |  3.1
Armour         | 1 |  1.3
Fighting       | |  2.8
Throwing       | |  1.7

Action                   || total
-------------------------++-------
Melee: Flail             ||   121
Throw: Throwing net      ||     1
Armor: Leather armour    ||    36
       Scale mail        ||    34
Dodge: Dodged            ||   107
